 Dungeon Crawl Stone Soup version 0.31-a0-174-g85c54bcb58 (webtiles) character file.

Game seed: 15711220630951385422

39081 qw the Skirmisher (level 14, -3/148 HPs)
             Began as a Naga Hunter on June 15, 2023.
             Was a High Priest of Okawaru.
             Slain by an elephant (5 damage)
             ... on level 5 of the Lair of Beasts.
             The game lasted 00:04:44 (11934 turns).

qw the Skirmisher (Naga Hunter)                    Turns: 11934, Time: 00:04:45

Health: -3/148     AC: 16    Str: 15    XL:     14   Next: 5%
Magic:  20/21      EV: 21    Int:  6    God:    Okawaru [*****.]
Gold:   724        SH:  5    Dex: 33    Spells: 13/13 levels left

rFire   + . .        a - +6 shortbow of Plunder {heavy, Int-4 Dex+7}
rCold   + . .        (shield currently unavailable)
rNeg    . . .        q - +1 ring mail {rF+}
rPois   +            u - +1 hat
rElec   .            f - +0 cloak
rCorr   .            c - +0 pair of gloves
SInv    +            m - +0 barding "Ytoceg" {rC+ Regen+ Dex+2}
Will    ++...        s - amulet of reflection
Stlth   ++++         d - +6 ring of dexterity
HPRegen 1.24/turn    n - ring of willpower
MPRegen 0.17/turn

%: reflection
@: about to teleport, heroic, corroded, very slow
A: AC +4, large, see invisible, deformed body, poison resistance, slowness 2,
spit poison 1, naga tail 2, robust 1
a: Spit Poison, Renounce Religion, Heroism, Finesse, Duel


You were on level 5 of the Lair of Beasts.
You worshipped Okawaru.
Okawaru was extremely pleased with you.
You visited 2 branches of the dungeon, and saw 13 of its levels.

You collected 767 gold pieces.
You spent 43 gold pieces at shops.


Innate Abilities, Weirdness & Mutations

Your serpentine skin is tough. (AC +4)
You have supernaturally acute eyesight. (SInv)
Armour fits poorly on your strangely shaped body.
Your system is resistant to poisons. (rPois)
You cover ground very slowly.
You can spit poison.
You can use your snake-like lower body to constrict enemies.
You are robust. (+10% HP)


   Skills:
 + Level 11.2(16.2) Fighting
 - Level 14.0(19.0) Ranged Weapons
 - Level 6.0(11.0) Armour
 - Level 9.0(14.0) Dodging
 - Level 1.5(6.5) Stealth
 - Level 10.0 Invocations


You had 13 spell levels left.
You didn't know any spells.
Your spell library was empty.

Inventory:

Hand Weapons
 a - the +6 shortbow of Plunder (weapon) {heavy, Int-4 Dex+7}
   (You acquired it on level 2 of the Dungeon)

   Int:       It affects your intelligence (-4).
   Dex:       It affects your dexterity (+7).
Armour
 c - a +0 pair of gloves (worn)
 f - a +0 cloak (worn)
 m - the +0 barding "Ytoceg" (worn) {rC+ Regen+ Dex+2}
   (Okawaru gifted it to you on level 1 of the Lair of Beasts)

   Dex:       It affects your dexterity (+2).
   rC:        It protects you from cold.
   Regen:     It increases your rate of health regeneration.
 p - a +3 ring mail
 q - a +1 ring mail of fire resistance (worn)
 r - a +2 robe of cold resistance
 u - a +1 hat (worn)
Jewellery
 d - a +6 ring of dexterity (left hand)
 i - a ring of resist corrosion
 j - a ring of ice
 n - a ring of willpower (right hand)
 s - an amulet of reflection (around neck)
Scrolls
 g - 2 scrolls of identify
 h - a scroll of teleportation
 l - 2 scrolls of enchant weapon
 v - a scroll of enchant armour {unknown}
Potions
 b - 3 potions of haste
 e - 4 potions of might
 k - a potion of heal wounds
 o - 3 potions of curing
 t - 2 potions of cancellation

Dungeon Overview and Level Annotations

Branches:
Dungeon (8/15)             Temple (0/1) D:6            Lair (5/5) D:8
 Shoals (0/4) Lair:3        Snake (0/4) Lair:3        Slime (0/5) Lair:4

Altars:
Ashenzari
Cheibriados
Dithmenos
Fedhas
Hepliaklqana
Kikubaaqudgha
Okawaru
Qazlal
Uskayaw
Yredelemnul
Zin
The Shining One
Jiyva

Shops:
D:2 *   D:8 (=((

Portals:
Ice
Cave: Lair:5

Annotations:
D:8 4 transporters


Message History

The elephant trunk-slaps you but does no damage.
The elephant barely misses you.
The elephant trunk-slaps you but does no damage.
The elephant misses you.
The elephant trunk-slaps you but does no damage.
You shoot an arrow. The arrow hits the elephant!!
You kill the elephant!
Okawaru accepts your kill. The yak gores you but does no damage.
The yak completely misses you. The elephant tramples you!
You hold your ground!
The elephant closely misses you. x2
The elephant trunk-slaps you but does no damage.
The blink frog hits you!
11932 ||| READING 2 scrolls of teleportation.
As you read the scroll of teleportation, it crumbles to dust.
You feel strangely unstable. The yak misses you. The yak closely misses you.
The elephant completely misses you. The elephant trunk-slaps you.
The elephant tramples you but does no damage.
The elephant completely misses you.
The blink frog blinks!
You block the brown ugly thing's attack.
11933 ||| DRINKING 2 potions of heal wounds.
You feel much better. The yak gores you but does no damage.
The elephant closely misses you.
The elephant misses you. x2; You block the elephant's attack.
The brown ugly thing closely misses you.
You shoot an arrow. The arrow hits the elephant!
The elephant is moderately wounded.
You block the yak's attack. The yak gores you but does no damage.
The smoke demon gestures at you. Something smites you!
The yak closely misses you.
The elephant tramples you but does no damage.
The elephant misses you. The elephant closely misses you.
The elephant barely misses you.
The blink frog blinks!
The brown ugly thing engulfs you! The acid corrodes you!
You are splashed with acid.
The smoke demon gestures at you. Something smites you!
The elephant tramples you!
You hold your ground!
You block the elephant's attack. The yak gores you! The elephant tramples you.
You die...

..77 7777777... ........
......77777
..3.........777..7
lYY.............7 ####
##uYY............77
##...##Y@Y..............
##.......YY.............
#........#............)## .
##.....###...ยค..........##
.#
#..##..##..............#.#
.# ..
#####..#.#..............#
.##...
P##.##+.#...............##
......
.......................#.#
......
..............%<........##


You could see 2 elephants, a brown ugly thing, 6 yaks, a smoke demon and a
basilisk.

Vanquished Creatures
  Rupert (Lair:3)
  Snorg (Lair:4)
  Fannar (Lair:1)
  4 hydras
  2 two-headed ogres
  4 death yaks (Lair:4)
  Urug (Lair:1)
  2 skysharks
  A manticore (Lair:3)
  5 black mambas (Lair:3)
  3 elephants (Lair:5)
  11 cane toads
  2 rime drakes
  5 komodo dragons
  A hornet (D:7)
  4 polar bears
  33 blink frogs
  A wind drake (Lair:3)
  7 dream sheep (Lair:4)
  Grinder (D:4)
  A vampire (D:6)
  Sigmund (D:4)
  4 wyverns
  23 yaks
  4 basilisks
  A steam dragon (D:6)
  15 water moccasins
  5 black bears
  3 ice beasts
  3 sky beasts
  4 ogres
  2 orc warriors (D:7)
  13 wolves
  2 centaurs (D:7)
  A phantom (D:6)
  Blork the orc (D:4)
  2 kobold brigands
  12 bullfrogs
  A gnoll sergeant (D:5)
  3 scorpions
  A wight (D:6)
  2 small abominations (Lair:5)
  2 jellies
  4 killer bees (D:7)
  A howler monkey (D:3)
  2 electric eels (Lair:2)
  A centaur zombie (D:6)
  3 bullfrog zombies (D:6)
  A human zombie (D:6)
  A gnoll bouda (D:6)
  3 hounds
  9 orc priests
  2 sleepcaps
  8 orc wizards
  5 hell rats (Lair:2)
  Ijyb (D:4)
  A killer bee zombie (D:6)
  3 mummies (D:6)
  2 howler monkey zombies (D:6)
  11 gnolls
  6 adders
  A shadow imp (D:6)
  A white imp (D:7)
  An ufetubus (D:4)
  2 worms
  4 dart slugs
  37 orcs
  4 endoplasms
  2 giant cockroaches
  6 goblins
  9 hobgoblins
  8 jackals
  12 kobolds
  5 quokkas
  9 ball pythons
  5 bats
  A frilled lizard (D:2)
  8 rats
375 creatures vanquished.

Notes
Turn   | Place    | Note
-------+----------+-------------------------------------------
     0 | D:1      | qw the Naga Hunter began the quest for the Orb.
     0 | D:1      | Reached XP level 1. HP: 19/19 MP: 1/1
     0 | D:1      | 0 ||| qw: Version: 0.2-a-29-g511e9b1
     0 | D:1      | 0 ||| qw: Game counter: 5528
     0 | D:1      | 0 ||| qw: Always use a shield: true
     0 | D:1      | 0 ||| qw: God list: Okawaru
     0 | D:1      | 0 ||| qw: Allow faded altars: false
     0 | D:1      | 0 ||| qw: Do Orc after D:15 true
     0 | D:1      | 0 ||| qw: Do second Lair branch before Depths: true
     0 | D:1      | 0 ||| qw: Lair rune preference: random
     0 | D:1      | 0 ||| qw: Plans: Normal
     0 | D:1      | 0 ||| PLANNING D:1-11
    30 | D:1      | 30 ||| INVOKING Spit Poison.
    44 | D:1      | 44 ||| INVOKING Spit Poison.
    80 | D:1      | 80 ||| INVOKING Spit Poison.
    84 | D:1      | 84 ||| INVOKING Spit Poison.
    85 | D:1      | 85 ||| INVOKING Spit Poison.
   103 | D:1      | Reached skill level 4 in Ranged Weapons
   103 | D:1      | Reached XP level 2. HP: 26/26 MP: 2/2
   107 | D:1      | 107 ||| INVOKING Spit Poison.
   113 | D:1      | 113 ||| INVOKING Spit Poison.
   126 | D:1      | 126 ||| INVOKING Spit Poison.
   139 | D:1      | 139 ||| INVOKING Spit Poison.
   145 | D:1      | 145 ||| INVOKING Spit Poison.
   244 | D:1      | 244 ||| INVOKING Spit Poison.
   315 | D:1      | 315 ||| INVOKING Spit Poison.
   337 | D:1      | 337 ||| INVOKING Spit Poison.
   345 | D:1      | 345 ||| INVOKING Spit Poison.
   354 | D:1      | 354 ||| INVOKING Spit Poison.
   363 | D:1      | 363 ||| INVOKING Spit Poison.
   382 | D:1      | 382 ||| INVOKING Spit Poison.
   427 | D:1      | 427 ||| INVOKING Spit Poison.
   528 | D:1      | 528 ||| INVOKING Spit Poison.
   529 | D:1      | Reached XP level 3. HP: 32/32 MP: 3/3
   659 | D:1      | 659 ||| INVOKING Spit Poison.
   683 | D:1      | 683 ||| READING scroll labelled SUGYENK XOGES.
   684 | D:1      | 684 ||| DRINKING 2 brown potions.
   685 | D:1      | 685 ||| DROPPING scroll of butterflies.
   704 | D:2      | 704 ||| INVOKING Spit Poison.
   706 | D:2      | 706 ||| STAIRDANCE
   708 | D:1      | 708 ||| INVOKING Spit Poison.
   711 | D:1      | 711 ||| INVOKING Spit Poison.
   777 | D:2      | 777 ||| INVOKING Spit Poison.
   808 | D:2      | Found Kuiku's Assorted Antiques.
   810 | D:2      | 810 ||| BUYING cyan potion (20 gold).
   810 | D:2      | Bought a cyan potion for 20 gold pieces
   810 | D:2      | 810 ||| SHOPLISTING helmet (103 gold, have 29).
   810 | D:2      | 810 ||| SHOPLISTING pair of translucent gloves (218 gold,
                  | have 29).
   810 | D:2      | 810 ||| BUYING scroll labelled TIPIOVVACAER (23 gold).
   810 | D:2      | Bought a scroll labelled TIPIOVVACAER for 23 gold pieces
   810 | D:2      | 810 ||| SHOPLISTING scroll of identify (46 gold, have 6).
   810 | D:2      | 810 ||| SHOPLISTING twisted fluorescent wand (92 gold, have
                  | 6).
   830 | D:2      | 830 ||| INVOKING Spit Poison.
   885 | D:2      | 885 ||| INVOKING Spit Poison.
   886 | D:2      | 886 ||| INVOKING Spit Poison.
   889 | D:2      | 889 ||| INVOKING Spit Poison.
   976 | D:2      | 976 ||| INVOKING Spit Poison.
   977 | D:2      | 977 ||| INVOKING Spit Poison.
  1006 | D:2      | 1006 ||| INVOKING Spit Poison.
  1076 | D:2      | 1076 ||| INVOKING Spit Poison.
  1079 | D:2      | 1079 ||| INVOKING Spit Poison.
  1093 | D:2      | 1093 ||| INVOKING Spit Poison.
  1096 | D:2      | 1096 ||| INVOKING Spit Poison.
  1124 | D:2      | 1124 ||| INVOKING Spit Poison.
  1186 | D:2      | 1186 ||| INVOKING Spit Poison.
  1316 | D:2      | Reached skill level 5 in Ranged Weapons
  1319 | D:2      | 1319 ||| INVOKING Spit Poison.
  1320 | D:2      | Reached XP level 4. HP: 39/39 MP: 4/4
  1409 | D:2      | 1409 ||| INVOKING Spit Poison.
  1609 | D:2      | 1609 ||| UPGRADING to ring of willpower.
  1610 | D:2      | 1610 ||| READING scroll labelled TUGEHAISCHI.
  1610 | D:2      | Identified a scroll of acquirement
  1610 | D:2      | 1610 ||| ACQUIRING +6 shortbow of Plunder {heavy, Int-4
                  | Dex+7}
  1610 | D:2      | Acquired the +6 shortbow of Plunder {heavy, Int-4 Dex+7}
  1612 | D:2      | 1612 ||| UPGRADING to +6 shortbow of Plunder {heavy, Int-4
                  | Dex+7}.
  1613 | D:2      | 1613 ||| DROPPING +0 shortbow.
  1614 | D:2      | 1614 ||| READING 2 scrolls labelled TIPIOVVACAER.
  1619 | D:2      | 1619 ||| READING scroll labelled FECZOG MARI.
  1620 | D:2      | 1620 ||| READING scroll labelled BAWOSA KEUNWA.
  1621 | D:2      | 1621 ||| READING scroll labelled BIMEADW QEOTA.
  1622 | D:2      | 1622 ||| READING 2 scrolls of identify.
  1622 | D:2      | 1622 ||| IDENTIFYING cyan potion
  1641 | D:3      | 1641 ||| INVOKING Spit Poison.
  1664 | D:3      | 1664 ||| INVOKING Spit Poison.
  1669 | D:3      | 1669 ||| INVOKING Spit Poison.
  1687 | D:3      | 1687 ||| INVOKING Spit Poison.
  1693 | D:3      | Identified the +8 mace of Ipnul {pain, rN+ Str+7}
  1700 | D:3      | 1700 ||| INVOKING Spit Poison.
  1705 | D:3      | 1705 ||| INVOKING Spit Poison.
  1707 | D:3      | Reached skill level 3 in Fighting
  1708 | D:3      | 1708 ||| INVOKING Spit Poison.
  1710 | D:3      | Reached XP level 5. HP: 20/49 MP: 5/5
  1959 | D:3      | 1959 ||| INVOKING Spit Poison.
  1962 | D:3      | 1962 ||| Stepping ~*~*~tactically~*~*~ (outnumbered).
  1963 | D:3      | 1963 ||| INVOKING Spit Poison.
  1967 | D:3      | 1967 ||| INVOKING Spit Poison.
  2007 | D:3      | 2007 ||| INVOKING Spit Poison.
  2072 | D:3      | 2072 ||| INVOKING Spit Poison.
  2181 | D:3      | Found a hide-covered altar of Uskayaw.
  2187 | D:3      | Found a blossoming altar of Fedhas.
  2234 | D:3      | Found a shadowy altar of Dithmenos.
  2243 | D:3      | Found a snail-covered altar of Cheibriados.
  2252 | D:3      | Reached XP level 6. HP: 56/56 MP: 6/6
  2295 | D:3      | Found an iron altar of Okawaru.
  2296 | D:3      | 2296 ||| PLANNING OKAWARU WORSHIP
  2296 | D:3      | 2296 ||| UPGRADING to +0 cloak.
  2301 | D:3      | 2301 ||| UPGRADING to ring of resist corrosion.
  2302 | D:3      | 2302 ||| DROPPING +6 ring of intelligence.
  2303 | D:3      | 2303 ||| DRINKING 2 bubbling red potions.
  2304 | D:3      | 2304 ||| DRINKING 2 yellow potions.
  2305 | D:3      | 2305 ||| DROPPING potion of attraction.
  2306 | D:3      | 2306 ||| DROPPING potion of degeneration.
  2314 | D:3      | Became a worshipper of Warmaster Okawaru
  2315 | D:3      | 2315 ||| PLANNING D:1-11
  2363 | D:3      | 2363 ||| READING 2 scrolls of identify.
  2363 | D:3      | 2363 ||| IDENTIFYING emerald potion
  2401 | D:4      | 2401 ||| PLANNING OSSUARY
  2401 | D:4      | 2401 ||| INVOKING Spit Poison.
  2407 | D:4      | Noticed Ijyb
  2409 | D:4      | 2409 ||| INVOKING Spit Poison.
  2413 | D:4      | 2413 ||| INVOKING Spit Poison.
  2414 | D:4      | Killed Ijyb
  2415 | D:4      | Reached skill level 6 in Ranged Weapons
  2452 | D:4      | 2452 ||| INVOKING Spit Poison.
  2455 | D:4      | 2455 ||| INVOKING Spit Poison.
  2458 | D:4      | 2458 ||| INVOKING Spit Poison.
  2461 | D:4      | 2461 ||| INVOKING Spit Poison.
  2462 | D:4      | 2462 ||| INVOKING Spit Poison.
  2479 | D:4      | Noticed Grinder
  2487 | D:4      | Killed Grinder
  2488 | D:4      | Reached XP level 7. HP: 42/67 MP: 7/7
  2580 | D:4      | 2580 ||| INVOKING Spit Poison.
  2581 | D:4      | Reached * piety under Okawaru
  2582 | D:4      | 2582 ||| INVOKING Heroism.
  2583 | D:4      | 2583 ||| INVOKING Heroism.
  2584 | D:4      | 2584 ||| INVOKING Heroism.
  2585 | D:4      | 2585 ||| INVOKING Spit Poison.
  2588 | D:4      | 2588 ||| INVOKING Spit Poison.
  2713 | D:4      | 2713 ||| INVOKING Spit Poison.
  2737 | D:4      | Noticed Blork the orc
  2738 | D:4      | 2738 ||| INVOKING Heroism.
  2741 | D:4      | 2741 ||| INVOKING Spit Poison.
  2741 | D:4      | Killed Blork the orc
  2742 | D:4      | Reached skill level 1 in Invocations
  2888 | D:4      | 2888 ||| INVOKING Spit Poison.
  2950 | D:4      | 2950 ||| RIP OSSUARY
  2954 | D:4      | 2954 ||| PLANNING D:1-11
  2954 | D:4      | 2954 ||| INVOKING Spit Poison.
  2991 | D:4      | 2991 ||| INVOKING Spit Poison.
  2994 | D:4      | 2994 ||| INVOKING Spit Poison.
  3041 | D:4      | Noticed Sigmund
  3042 | D:4      | 3042 ||| INVOKING Heroism.
  3043 | D:4      | 3043 ||| INVOKING Spit Poison.
  3044 | D:4      | Killed Sigmund
  3045 | D:4      | Reached skill level 7 in Ranged Weapons
  3045 | D:4      | Reached XP level 8. HP: 74/74 MP: 6/10
  3170 | D:4      | 3170 ||| UPGRADING to +3 ring mail.
  3180 | D:4      | 3180 ||| DROPPING +0 leather armour.
  3181 | D:4      | 3181 ||| UPGRADING to +6 ring of dexterity.
  3183 | D:4      | 3183 ||| UPGRADING to ring of willpower.
  3185 | D:4      | 3185 ||| READING scroll labelled MEUBOKHA MIEMI.
  3186 | D:4      | 3186 ||| DRINKING 2 metallic sapphire potions.
  3186 | D:4      | Gained mutation: You sometimes lose your temper in combat.
                  | [potion of mutation]
  3187 | D:4      | 3187 ||| DRINKING potion of mutation.
  3187 | D:4      | Lost mutation: You sometimes lose your temper in combat.
                  | [potion of mutation]
  3187 | D:4      | Gained mutation: You are robust. (+10% HP) [potion of
                  | mutation]
  3206 | D:4      | 3206 ||| READING 2 scrolls of identify.
  3206 | D:4      | 3206 ||| IDENTIFYING dark potion
  3207 | D:4      | 3207 ||| DROPPING potion of lignification.
  3235 | D:5      | Entered Level 5 of the Dungeon
  3301 | D:5      | 3301 ||| INVOKING Heroism.
  3302 | D:5      | 3302 ||| INVOKING Spit Poison.
  3304 | D:5      | Reached skill level 3 in Invocations
  3305 | D:5      | Reached skill level 1 in Armour
  3307 | D:5      | 3307 ||| INVOKING Spit Poison.
  3358 | D:5      | 3358 ||| INVOKING Spit Poison.
  3406 | D:5      | 3406 ||| INVOKING Heroism.
  3407 | D:5      | 3407 ||| INVOKING Spit Poison.
  3457 | D:5      | 3457 ||| INVOKING Spit Poison.
  3460 | D:5      | 3460 ||| Stepping ~*~*~tactically~*~*~ (outnumbered).
  3462 | D:5      | 3462 ||| Stepping ~*~*~tactically~*~*~ (outnumbered).
  3463 | D:5      | 3463 ||| INVOKING Spit Poison.
  3465 | D:5      | 3465 ||| INVOKING Heroism.
  3468 | D:5      | 3468 ||| INVOKING Spit Poison.
  3469 | D:5      | Reached skill level 3 in Dodging
  3473 | D:5      | 3473 ||| INVOKING Spit Poison.
  3476 | D:5      | 3476 ||| INVOKING Heroism.
  3603 | D:5      | 3603 ||| INVOKING Spit Poison.
  3643 | D:5      | 3643 ||| INVOKING Spit Poison.
  3810 | D:5      | 3810 ||| INVOKING Spit Poison.
  4087 | D:5      | 4087 ||| INVOKING Spit Poison.
  4151 | D:5      | 4151 ||| INVOKING Spit Poison.
  4154 | D:5      | 4154 ||| INVOKING Spit Poison.
  4226 | D:5      | Noticed a two-headed ogre
  4227 | D:5      | 4227 ||| INVOKING Heroism.
  4228 | D:5      | 4228 ||| INVOKING Spit Poison.
  4234 | D:5      | 4234 ||| INVOKING Spit Poison.
  4235 | D:5      | Killed a two-headed ogre
  4235 | D:5      | Reached ** piety under Okawaru
  4236 | D:5      | Reached skill level 9 in Ranged Weapons
  4236 | D:5      | Reached XP level 9. HP: 64/89 MP: 10/12
  4375 | D:5      | 4375 ||| READING scroll labelled NOSIMI JAUD.
  4376 | D:5      | 4376 ||| READING 2 scrolls of identify.
  4376 | D:5      | 4376 ||| IDENTIFYING fuming cyan potion
  4377 | D:5      | 4377 ||| DROPPING potion of enlightenment.
  4460 | D:6      | 4460 ||| INVOKING Heroism.
  4461 | D:6      | 4461 ||| INVOKING Spit Poison.
  4467 | D:6      | 4467 ||| STAIRDANCE
  4683 | D:6      | 4683 ||| INVOKING Spit Poison.
  4686 | D:6      | 4686 ||| INVOKING Heroism.
  4687 | D:6      | 4687 ||| INVOKING Spit Poison.
  4689 | D:6      | 4689 ||| Stepping ~*~*~tactically~*~*~ (outnumbered).
  4692 | D:6      | Reached skill level 6 in Fighting
  4694 | D:6      | 4694 ||| INVOKING Spit Poison.
  4727 | D:6      | Found an ancient bone altar of Kikubaaqudgha.
  4781 | D:6      | 4781 ||| INVOKING Spit Poison.
  4811 | D:6      | 4811 ||| INVOKING Spit Poison.
  4815 | D:6      | 4815 ||| INVOKING Spit Poison.
  4833 | D:6      | Found a staircase to the Ecumenical Temple.
  4836 | D:6      | 4836 ||| INVOKING Spit Poison.
  5002 | D:6      | 5002 ||| INVOKING Heroism.
  5007 | D:6      | 5007 ||| Stepping ~*~*~tactically~*~*~ (outnumbered).
  5008 | D:6      | 5008 ||| INVOKING Spit Poison.
  5144 | D:6      | Reached skill level 10 in Ranged Weapons
  5224 | D:6      | Found a basalt altar of Yredelemnul.
  5254 | D:6      | Reached XP level 10. HP: 93/103 MP: 13/13
  5281 | D:6      | 5281 ||| UPGRADING to +0 pair of gloves.
  5325 | D:7      | 5325 ||| INVOKING Heroism.
  5326 | D:7      | 5326 ||| INVOKING Spit Poison.
  5330 | D:7      | 5330 ||| INVOKING Spit Poison.
  5334 | D:7      | 5334 ||| INVOKING Spit Poison.
  5339 | D:7      | 5339 ||| INVOKING Spit Poison.
  5377 | D:7      | 5377 ||| INVOKING Spit Poison.
  5378 | D:7      | 5378 ||| INVOKING Heroism.
  5379 | D:7      | 5379 ||| Stepping ~*~*~tactically~*~*~ (outnumbered).
  5380 | D:7      | 5380 ||| INVOKING Spit Poison.
  5385 | D:7      | 5385 ||| INVOKING Spit Poison.
  5388 | D:7      | 5388 ||| INVOKING Spit Poison.
  5457 | D:7      | 5457 ||| INVOKING Spit Poison.
  5587 | D:7      | 5587 ||| INVOKING Spit Poison.
  5592 | D:7      | 5592 ||| INVOKING Spit Poison.
  5595 | D:7      | 5595 ||| INVOKING Spit Poison.
  5680 | D:7      | 5680 ||| INVOKING Spit Poison.
  5683 | D:7      | 5683 ||| INVOKING Spit Poison.
  5751 | D:7      | 5751 ||| INVOKING Spit Poison.
  5752 | D:7      | Reached *** piety under Okawaru
  5755 | D:7      | 5755 ||| INVOKING Spit Poison.
  5757 | D:7      | 5757 ||| INVOKING Heroism.
  5762 | D:7      | 5762 ||| INVOKING Spit Poison.
  5765 | D:7      | 5765 ||| INVOKING Spit Poison.
  5770 | D:7      | 5770 ||| INVOKING Spit Poison.
  6050 | D:7      | 6050 ||| INVOKING Spit Poison.
  6491 | D:7      | 6491 ||| INVOKING Spit Poison.
  6494 | D:7      | 6494 ||| INVOKING Spit Poison.
  6496 | D:7      | Reached skill level 11 in Ranged Weapons
  6562 | D:7      | Found a stormy altar of Qazlal.
  6605 | D:7      | 6605 ||| READING scroll labelled DOJYANK RESHRUA.
  6606 | D:7      | 6606 ||| READING 2 scrolls of identify.
  6606 | D:7      | 6606 ||| IDENTIFYING fizzy white potion
  6607 | D:7      | 6607 ||| DROPPING potion of berserk rage.
  6652 | D:8      | Found a hazy altar of Hepliaklqana.
  6678 | D:8      | 6678 ||| INVOKING Spit Poison.
  6682 | D:8      | 6682 ||| INVOKING Spit Poison.
  6696 | D:8      | 6696 ||| INVOKING Spit Poison.
  6700 | D:8      | 6700 ||| INVOKING Spit Poison.
  6706 | D:8      | 6706 ||| INVOKING Spit Poison.
  6710 | D:8      | 6710 ||| INVOKING Spit Poison.
  6714 | D:8      | 6714 ||| INVOKING Spit Poison.
  6717 | D:8      | 6717 ||| DRINKING potion of cancellation.
  6718 | D:8      | 6718 ||| INVOKING Spit Poison.
  6718 | D:8      | Reached **** piety under Okawaru
  6784 | D:8      | Found a staircase to the Lair.
  6792 | D:8      | 6792 ||| INVOKING Spit Poison.
  6874 | D:8      | 6874 ||| INVOKING Spit Poison.
  6879 | D:8      | 6879 ||| INVOKING Spit Poison.
  6895 | D:8      | Found Gofy's Antique Weapon Shop.
  6899 | D:8      | Found Rugye's Weapon Shop.
  6900 | D:8      | 6900 ||| INVOKING Heroism.
  6915 | D:8      | Found Nubumy's Jewellery Shop.
  6916 | D:8      | Found Wezus's Weapon Shop.
  6920 | D:8      | 6920 ||| SHOPLISTING steaming orcbow (280 gold, have 239).
  6923 | D:8      | 6923 ||| SHOPLISTING amulet of regeneration (360 gold, have
                  | 239).
  6923 | D:8      | 6923 ||| SHOPLISTING ring "Qikh" {rElec rN+ SInv Stlth-}
                  | (381 gold, have 239).
  6923 | D:8      | 6923 ||| SHOPLISTING ring of positive energy (240 gold,
                  | have 239).
  6923 | D:8      | 6923 ||| SHOPLISTING ring of protection from cold (300
                  | gold, have 239).
  6943 | D:8      | Found a transporter.
  6943 | D:8      | Noticed a two-headed ogre
  6945 | D:8      | 6945 ||| INVOKING Heroism.
  6946 | D:8      | 6946 ||| INVOKING Spit Poison.
  6949 | D:8      | 6949 ||| INVOKING Spit Poison.
  6952 | D:8      | Killed a two-headed ogre
  6953 | D:8      | Reached XP level 11. HP: 105/113 MP: 12/14
  6983 | D:8      | Found a transporter.
  6986 | D:8      | Found a transporter.
  7014 | D:8      | Found a transporter.
  7082 | D:8      | 7082 ||| INVOKING Spit Poison.
  7092 | D:8      | Found a glowing golden altar of the Shining One.
  7314 | D:8      | 7314 ||| INVOKING Spit Poison.
  7315 | D:8      | 7315 ||| Stepping ~*~*~tactically~*~*~ (outnumbered).
  7320 | D:8      | 7320 ||| INVOKING Spit Poison.
  7323 | D:8      | 7323 ||| INVOKING Spit Poison.
  7326 | D:8      | 7326 ||| INVOKING Spit Poison.
  7408 | D:8      | 7408 ||| INVOKING Spit Poison.
  7414 | D:8      | 7414 ||| INVOKING Spit Poison.
  7527 | D:8      | 7527 ||| INVOKING Spit Poison.
  7532 | D:8      | Reached skill level 12 in Ranged Weapons
  7614 | D:8      | 7614 ||| INVOKING Spit Poison.
  7619 | D:8      | 7619 ||| INVOKING Spit Poison.
  7687 | D:8      | Found a broken altar of Ashenzari.
  7755 | D:8      | 7755 ||| PLANNING LAIR
  7755 | D:8      | 7755 ||| UPGRADING to +1 ring mail of fire resistance.
  7765 | D:8      | 7765 ||| READING scroll labelled YMEAGETW WOPH.
  7766 | D:8      | 7766 ||| READING scroll labelled UGHUGA LOTOIRR.
  7767 | D:8      | 7767 ||| READING 2 scrolls of identify.
  7767 | D:8      | 7767 ||| IDENTIFYING fuming orange potion
  7768 | D:8      | 7768 ||| DROPPING potion of brilliance.
  7810 | Lair:1   | Entered Level 1 of the Lair of Beasts
  7813 | Lair:1   | 7813 ||| INVOKING Heroism.
  7839 | Lair:1   | 7839 ||| INVOKING Spit Poison.
  7842 | Lair:1   | 7842 ||| INVOKING Spit Poison.
  7844 | Lair:1   | Noticed Urug
  7845 | Lair:1   | 7845 ||| INVOKING Heroism.
  7847 | Lair:1   | 7847 ||| INVOKING Spit Poison.
  7851 | Lair:1   | 7851 ||| INVOKING Spit Poison.
  7852 | Lair:1   | Killed Urug
  7853 | Lair:1   | Reached skill level 6 in Invocations
  7875 | Lair:1   | 7875 ||| INVOKING Spit Poison.
  7883 | Lair:1   | 7883 ||| INVOKING Spit Poison.
  7887 | Lair:1   | 7887 ||| INVOKING Spit Poison.
  7944 | Lair:1   | 7944 ||| INVOKING Heroism.
  8048 | Lair:1   | 8048 ||| INVOKING Spit Poison.
  8052 | Lair:1   | 8052 ||| INVOKING Spit Poison.
  8075 | Lair:1   | 8075 ||| INVOKING Spit Poison.
  8081 | Lair:1   | 8081 ||| INVOKING Spit Poison.
  8128 | Lair:1   | 8128 ||| INVOKING Spit Poison.
  8133 | Lair:1   | 8133 ||| INVOKING Spit Poison.
  8136 | Lair:1   | Reached ***** piety under Okawaru
  8216 | Lair:1   | 8216 ||| INVOKING Heroism.
  8262 | Lair:1   | Noticed Fannar
  8265 | Lair:1   | Killed Fannar
  8265 | Lair:1   | Identified the +0 barding "Ytoceg" {rC+ Regen+ Dex+2}
                  | (Okawaru gifted it to you on level 1 of the Lair of Beasts)
  8265 | Lair:1   | Received a gift from Okawaru
  8373 | Lair:1   | 8373 ||| INVOKING Heroism.
  8377 | Lair:1   | 8377 ||| INVOKING Spit Poison.
  8491 | Lair:1   | 8491 ||| INVOKING Heroism.
  8492 | Lair:1   | 8492 ||| INVOKING Spit Poison.
  8497 | Lair:1   | 8497 ||| INVOKING Spit Poison.
  8507 | Lair:1   | 8507 ||| INVOKING Spit Poison.
  9009 | Lair:1   | 9009 ||| UPGRADING to +0 barding "Ytoceg" {rC+ Regen+
                  | Dex+2}.
  9014 | Lair:1   | 9014 ||| READING scroll labelled XIFO XEXAUSES.
  9038 | Lair:2   | 9038 ||| INVOKING Spit Poison.
  9070 | Lair:2   | 9070 ||| INVOKING Heroism.
  9071 | Lair:2   | 9071 ||| INVOKING Spit Poison.
  9077 | Lair:2   | 9077 ||| INVOKING Spit Poison.
  9080 | Lair:2   | 9080 ||| INVOKING Spit Poison.
  9086 | Lair:2   | Noticed a five-headed hydra
  9086 | Lair:2   | Noticed a skyshark
  9087 | Lair:2   | 9087 ||| INVOKING Spit Poison.
  9090 | Lair:2   | 9090 ||| INVOKING Spit Poison.
  9091 | Lair:2   | HP: 27/113 [bullfrog (4)]
  9092 | Lair:2   | 9092 ||| READING 4 scrolls of teleportation.
  9092 | Lair:2   | HP: 13/113 [skyshark (4)]
  9093 | Lair:2   | 9093 ||| INVOKING Heroism.
  9206 | Lair:2   | 9206 ||| INVOKING Heroism.
  9213 | Lair:2   | Reached skill level 3 in Armour
  9219 | Lair:2   | 9219 ||| INVOKING Spit Poison.
  9225 | Lair:2   | 9225 ||| INVOKING Spit Poison.
  9228 | Lair:2   | 9228 ||| INVOKING Heroism.
  9230 | Lair:2   | 9230 ||| INVOKING Spit Poison.
  9233 | Lair:2   | 9233 ||| INVOKING Spit Poison.
  9237 | Lair:2   | 9237 ||| INVOKING Spit Poison.
  9239 | Lair:2   | Reached XP level 12. HP: 93/116 MP: 16/18
  9244 | Lair:2   | Killed a skyshark
  9249 | Lair:2   | HP: 25/119 [komodo dragon (24)]
  9250 | Lair:2   | 9250 ||| READING 3 scrolls of teleportation.
  9252 | Lair:2   | HP: 12/119 [blink frog (2)]
  9259 | Lair:2   | Killed a five-headed hydra
  9260 | Lair:2   | Reached skill level 9 in Invocations
  9512 | Lair:2   | 9512 ||| INVOKING Heroism.
  9521 | Lair:2   | Reached skill level 6 in Dodging
  9527 | Lair:2   | Reached skill level 13 in Ranged Weapons
  9665 | Lair:2   | 9665 ||| INVOKING Heroism.
  9799 | Lair:2   | 9799 ||| UPGRADING to amulet of reflection.
  9804 | Lair:2   | 9804 ||| READING 3 scrolls of identify.
  9804 | Lair:2   | 9804 ||| IDENTIFYING pink potion
  9858 | Lair:3   | Noticed Rupert
  9859 | Lair:3   | 9859 ||| INVOKING Heroism.
  9865 | Lair:3   | Paralysed by Rupert for 3 turns
  9872 | Lair:3   | Killed Rupert
  9873 | Lair:3   | Reached skill level 9 in Fighting
 10008 | Lair:3   | 10008 ||| INVOKING Heroism.
 10028 | Lair:3   | 10028 ||| INVOKING Heroism.
 10128 | Lair:3   | Found a staircase to the Snake Pit.
 10278 | Lair:3   | Received a gift from Okawaru
 10469 | Lair:3   | 10469 ||| INVOKING Heroism.
 10473 | Lair:3   | Reached skill level 14 in Ranged Weapons
 10473 | Lair:3   | Gained mutation: You can use your snake-like lower body to
                  | constrict enemies. [Naga growth]
 10473 | Lair:3   | Reached XP level 13. HP: 133/133 MP: 17/20
 10486 | Lair:3   | Found a staircase to the Shoals.
 10635 | Lair:3   | 10635 ||| UPGRADING to +1 hat.
 10668 | Lair:4   | 10668 ||| INVOKING Heroism.
 10688 | Lair:4   | Identified the +0 ring mail "Tueshrin" {Rampage Will+
                  | Int-2}
 10691 | Lair:4   | Noticed Snorg
 10694 | Lair:4   | Killed Snorg
 10849 | Lair:4   | Found a viscous altar of Jiyva.
 10852 | Lair:4   | 10852 ||| INVOKING Heroism.
 10863 | Lair:4   | Found a staircase to the Slime Pits.
 10909 | Lair:4   | 10909 ||| INVOKING Heroism.
 11003 | Lair:4   | 11003 ||| INVOKING Heroism.
 11020 | Lair:4   | 11020 ||| INVOKING Heroism.
 11072 | Lair:4   | 11072 ||| INVOKING Heroism.
 11111 | Lair:4   | 11111 ||| INVOKING Heroism.
 11122 | Lair:4   | 11122 ||| INVOKING Finesse.
 11301 | Lair:4   | Found a glowing silver altar of Zin.
 11352 | Lair:4   | 11352 ||| INVOKING Heroism.
 11529 | Lair:4   | 11529 ||| DROPPING +0 ring mail "Tueshrin" {Rampage Will+
                  | Int-2}.
 11530 | Lair:4   | 11530 ||| READING scroll labelled ELIYNK WUOTO.
 11563 | Lair:5   | Entered Level 5 of the Lair of Beasts
 11564 | Lair:5   | 11564 ||| INVOKING Heroism.
 11583 | Lair:5   | 11583 ||| STAIRDANCE
 11587 | Lair:4   | Received a gift from Okawaru
 11670 | Lair:5   | 11670 ||| INVOKING Heroism.
 11677 | Lair:5   | Reached skill level 6 in Armour
 11754 | Lair:5   | Identified the +7 long sword of Lyucw {elec, rCorr}
 11772 | Lair:5   | 11772 ||| INVOKING Heroism.
 11818 | Lair:5   | 11818 ||| INVOKING Heroism.
 11841 | Lair:5   | Found a frozen archway.
 11876 | Lair:5   | 11876 ||| INVOKING Heroism.
 11879 | Lair:5   | Reached XP level 14. HP: 148/148 MP: 18/21
 11922 | Lair:5   | Reached skill level 9 in Dodging
 11928 | Lair:5   | 11928 ||| INVOKING Heroism.
 11931 | Lair:5   | HP: 36/148 [blink frog (10)]
 11932 | Lair:5   | 11932 ||| READING 2 scrolls of teleportation.
 11933 | Lair:5   | 11933 ||| DRINKING 2 potions of heal wounds.
 11934 | Lair:5   | HP: 12/148 [elephant (13)]
 11934 | Lair:5   | HP: 2/148 [yak (10)]
 11934 | Lair:5   | Slain by an elephant

Levels and vault maps discovered:
D:1:      minmay_arrival_hallway, layout_loops_ring, grunt_decor_resistance
D:2:      minmay_recursive_quarters, layout_loops_ring, serial_shops, shop
D:3:      layout_basic, mainiacjoe_overflow_small_starburst,
          mainiacjoe_overflow_big_doors, pf_just_have_faith,
          mainiacjoe_overflow_six_doors_small
D:4:      layout_rooms, nicolae_ossuary_entry_plus, patterned_corridor,
          uniq_grinder, uniq_blork_the_orc, uniq_ijyb, uniq_sigmund
D:5:      layout_basic
D:6:      layout_rooms, lemuel_mausoleum_altar_yredelemnul,
          mainiacjoe_overflow_catwalk, minmay_temple_entry_gardened_gates,
          chequers_serial_rivers_small_b, minmay_manual_moon
D:7:      layout_basic, marbit_many_paths
D:8:      layout_loops_ring, nicolae_tso_swordbearing_angel,
          mainiacjoe_overflow_alcove_2, kennysheep_mini,
          minmay_lair_entry_grove, minmay_shop_grid_forest,
          nicolae_transporter_circle
Lair:1:   layout_gridlike, columned_hall_lemuel, st_stairs_10, minivault_27,
          uniq_urug, uniq_fannar
Lair:2:   layout_hall_layers, infiniplex_staircase_pool
Lair:3:   layout_loops_ring, minmay_shoals_entry_beasts,
          minmay_snake_entry_six_corridors, chequers_serial_rivers_small_3,
          dreamdust_mushroom_princess, fungi_pond_lemuel, uniq_rupert
Lair:4:   layout_loops_ring, slime_entry_1, basic_altar, beast_lair_carwin_6,
          uniq_snorg
Lair:5:   hellmonk_lair_end_abyssal_woods, layout_regular_city,
          portal_ice_cave_entry_pillars_1, minivault_25, serial_bayou_shore_b,
          serial_bayou_shore_b

Skill      XL: |  1  2  3  4  5  6  7  8  9 10 11 12 13 14 |
---------------+-------------------------------------------+-----
Ranged Weapons | 4 5 6 7 9 10 11 12 14 | 14.0
Fighting       | 3 5 7 8 9 11 | 11.2
Dodging        | 2 3 4 5 6 8 9 |  9.0
Invocations    | 2 4 8 10 | 10.0
Armour         | 1 2 3 4 6 |  6.0
Stealth        | |  1.5

Action                     |  1- 3 |  4- 6 |  7- 9 | 10-12 | 13-15 || total
---------------------------+-------+-------+-------+-------+-------++-------
   Fire: Shortbow          |    76 |    64 |   140 |   385 |   212 ||   877
 Invoke: Heroism           |       |       |    11 |    21 |    14 ||    46
         Finesse           |       |       |       |       |     1 ||     1
Ability: Spit Poison       |    35 |    20 |    35 |    73 |       ||   163
    Use: Scroll            |     1 |     7 |     4 |     9 |     2 ||    23
         Potion            |     1 |     2 |     2 |     1 |     1 ||     7
 Armour: Leather armour    |     8 |     3 |     4 |       |       ||    15
         Ring mail         |       |       |    14 |   135 |    68 ||   217
  Dodge: Dodged            |    18 |    18 |    59 |   353 |   140 ||   588
  Block: Other             |       |       |       |    16 |    38 ||    54

Table legend:
 A = Non-vault XP
 B = Vault XP
 C = Vault XP percentage of total XP
 D = Non-vault monster count
 E = Vault monster count
 F = Vault count percentage of total count
                 A         B        C        D         E       F
            +---------+---------+-------+---------+---------+-------
      Total |   38429 |   17402 |  31.2 |     306 |      69 |  18.4
            +---------+---------+-------+---------+---------+-------
        D:1 |      49 |       0 |   0.0 |      23 |       0 |   0.0
        D:2 |      28 |       7 |  20.0 |      14 |       4 |  22.2
        D:3 |     247 |       0 |   0.0 |      27 |       0 |   0.0
        D:4 |     250 |     626 |  71.5 |      22 |       4 |  15.4
        D:5 |    1606 |       0 |   0.0 |      25 |       0 |   0.0
        D:6 |     819 |    1051 |  56.2 |      19 |      17 |  47.2
        D:7 |    1599 |     127 |   7.4 |      27 |       1 |   3.6
        D:8 |    1929 |    1878 |  49.3 |      26 |      13 |  33.3
     Lair:1 |    3969 |    2010 |  33.6 |      20 |       5 |  20.0
     Lair:2 |    8167 |       0 |   0.0 |      34 |       0 |   0.0
     Lair:3 |    2239 |    5737 |  71.9 |      11 |      13 |  54.2
     Lair:4 |   10379 |    5539 |  34.8 |      38 |       9 |  19.1
     Lair:5 |    7148 |     427 |   5.6 |      20 |       3 |  13.0
            +---------+---------+-------+---------+---------+-------
